[Event "Titled Tuesday Blitz February 07 Late 2023"]
[White "Barash, Anton"]
[Black "Villarreal, Agustin"]
[WhiteFideId "30935229"]
[BlackFideId "125687"]
[WhiteElo "2074"]
[BlackElo "2299"]
[Result "0-1"]
[Round "04"]
[TimeControl "180+2"]
[Date "2023.02.07"]
[WhiteClock "0:00:19"]
[BlackClock "0:01:58"]

1. e4 e5 2. Nc3 Nc6 3. f4 Bc5 4. fxe5 d6 5. exd6 Qxd6 6. Nf3 Nf6 7. Bb5 Bg4 8. d3 O-O-O 9. Bg5 h6 10. Bxf6 Qxf6 11. Qd2 Bxf3 12. gxf3 Nd4 13. O-O-O Ba3 14. bxa3 Nxb5 15. Kb2 Rd6 16. d4 Rxd4 17. Qe3 Rhd8 18. Rxd4 Rxd4 19. Kb1 Nxc3+ 20. Qxc3 Rd1+ 0-1


[Site "https://www.chess.com"]

[Event "Titled Tuesday Blitz February 07 Late 2023"]
[White "Garcia Almaguer, Juan Manuel"]
[Black "ritanovikova"]
[WhiteFideId "5110491"]
[WhiteElo "2090"]
[BlackElo "2226"]
[Result "1-0"]
[Round "04"]
[TimeControl "180+2"]
[Date "2023.02.07"]
[WhiteClock "0:00:35"]
[BlackClock "0:00:15"]

1. e4 d5 2. exd5 Qxd5 3. Nc3 Qd6 4. Bc4 Nf6 5. d4 c6 6. Nge2 Bf5 7. Bf4 Qb4 8. Bd3 Bxd3 9. Qxd3 e6 10. O-O Nbd7 11. a3 Qb6 12. b4 Be7 13. Na4 Qd8 14. c4 O-O 15. Rfd1 a6 16. h3 b5 17. Nac3 Nb6 18. c5 Nbd5 19. Nxd5 Nxd5 20. Bh2 Bf6 21. Qb3 a5 22. a4 axb4 23. axb5 cxb5 24. Bd6 Re8 25. Ng3 Rxa1 26. Rxa1 Bxd4 27. Ra7 Qg5 28. Qf3 f5 29. Qe2 Qc1+ 30. Kh2 Qc4 31. Qh5 Rc8 32. Qf7+ Kh8 33. Qxe6 Rg8 34. Nxf5 Ne3 35. Qxc4 Nxc4 36. Nxd4 b3 37. Nxb3 b4 38. Rb7 1-0


[Site "https://www.chess.com"]

[Event "Titled Tuesday Blitz February 07 Late 2023"]
[White "Liu, Leonardo"]
[Black "Kielinkei"]
[WhiteFideId "30965780"]
[WhiteElo "1919"]
[BlackElo "2394"]
[Result "1-0"]
[Round "04"]
[TimeControl "180+2"]
[Date "2023.02.07"]
[WhiteClock "0:00:11"]
[BlackClock "0:00:01"]

1. e4 c5 2. Nc3 e6 3. g3 d5 4. exd5 exd5 5. Bg2 d4 6. Ne4 Nf6 7. d3 Nc6 8. Bg5 Be7 9. Bxf6 Bxf6 10. Ne2 O-O 11. O-O Be7 12. Nf4 Bf5 13. Nd5 Re8 14. Qh5 Bg6 15. Nxe7+ Qxe7 16. Qxc5 Qxc5 17. Nxc5 Re2 18. Rac1 Nb4 19. a3 Nxc2 20. Bf3 Rd2 21. Rfd1 Rxd1+ 22. Bxd1 Ne1 23. Be2 Rc8 24. b4 b6 25. Rxe1 bxc5 26. Bg4 f5 27. Bf3 cxb4 28. axb4 Rb8 29. Re7 Rxb4 30. Rxa7 f4 31. gxf4 Bxd3 32. Bd5+ Kf8 33. Rf7+ Ke8 34. Rxg7 Rb1+ 35. Kg2 Bf1+ 36. Kf3 Re1 37. Bc6+ Kf8 38. Rxh7 d3 39. Rd7 Be2+ 40. Kg2 Rc1 41. Bf3 Ra1 42. h4 Bf1+ 43. Kg3 Ra2 44. h5 d2 45. h6 Kg8 46. Bd5+ Kh8 47. Bxa2 Be2 48. Rxd2 1-0


[Site "https://www.chess.com"]

[Event "Titled Tuesday Blitz February 07 Late 2023"]
[White "Pesotskiy, Mikhail"]
[Black "Torres Dominguez, David"]
[WhiteFideId "34164453"]
[BlackFideId "2220857"]
[WhiteElo "2153"]
[BlackElo "1994"]
[Result "0-1"]
[Round "04"]
[TimeControl "180+2"]
[Date "2023.02.07"]
[WhiteClock "0:00:15"]
[BlackClock "0:01:44"]

1. d4 e5 2. dxe5 d6 3. exd6 Bxd6 4. Nf3 Bg4 5. Nc3 Nc6 6. h3 Bh5 7. Bg5 f6 8. Be3 Qe7 9. g4 Bg6 10. Nh4 Qxe3 11. Nxg6 Bg3 12. Ne4 Qxe4 13. Nxh8 Rd8 14. Qc1 Bf4 15. e3 Qxh1 16. exf4 Nge7 17. Qe3 Nb4 18. Qb3 Qe4+ 19. Be2 Nxc2+ 0-1


[Site "https://www.chess.com"]

[Event "Titled Tuesday Blitz February 07 Late 2023"]
[White "Tarnowska, Aleksandra"]
[Black "Gonzalez, Francisco Silva"]
[WhiteFideId "1180967"]
[BlackFideId "1512285"]
[WhiteElo "1835"]
[BlackElo "2021"]
[Result "0-1"]
[Round "04"]
[TimeControl "180+2"]
[Date "2023.02.07"]
[WhiteClock "0:00:01"]
[BlackClock "0:01:15"]

1. e4 e5 2. Nf3 Nc6 3. Bb5 g6 4. O-O Bg7 5. c3 Nge7 6. d4 exd4 7. cxd4 a6 8. Ba4 b5 9. Bb3 d6 10. h3 O-O 11. Re1 Na5 12. Bc2 h6 13. Nbd2 c5 14. Nf1 Be6 15. Ng3 Nc4 16. d5 Bd7 17. Rb1 Ne5 18. Bf4 f6 19. Nxe5 fxe5 20. Be3 Rf4 21. Bxf4 exf4 22. Nf1 Qf8 23. Nh2 h5 24. Nf3 Be5 25. Nxe5 dxe5 26. d6 Nc6 27. Qd5+ Kh7 28. a3 Nd4 29. Qb7 Rd8 30. Bd1 Qxd6 31. Bf3 Kh6 32. Qd5 Be6 33. Qxd6 Rxd6 34. Red1 c4 35. Rbc1 Bxh3 36. gxh3 Nxf3+ 37. Kg2 Nd4 38. f3 g5 39. Rd2 Kg6 40. Rcd1 Kf6 41. Kf2 Ke7 42. Rg1 Rg6 43. h4 g4 44. fxg4 hxg4 45. h5 g3+ 46. Kg2 f3+ 47. Kh3 f2 48. Rf1 g2 49. Rdxf2 gxf1=Q+ 50. Rxf1 Rh6 51. Kg4 Ne6 52. Rf5 Kd6 53. Rf7 Kc5 54. Re7 Kd4 55. Ra7 Kxe4 56. Rxa6 Kd4 57. Rb6 e4 58. Rxb5 e3 59. Kf3 Nc5 0-1


[Site "https://www.chess.com"]

[Event "Titled Tuesday Blitz February 07 Late 2023"]
[White "Rose, Felix"]
[Black "Van Meegen, Ruud"]
[WhiteFideId "5105722"]
[BlackFideId "1034995"]
[WhiteElo "2091"]
[BlackElo "2311"]
[Result "1-0"]
[Round "04"]
[TimeControl "180+2"]
[Date "2023.02.07"]
[WhiteClock "0:00:26"]
[BlackClock "0:01:30"]

1. e4 c5 2. Nf3 Nc6 3. d4 cxd4 4. Nxd4 g6 5. c4 Nf6 6. Nc3 d6 7. f3 Nxd4 8. Qxd4 Bg7 9. Be3 O-O 10. Qd2 Qa5 11. Rc1 Be6 12. Bd3 Rfc8 13. b3 a6 14. Ne2 Qxd2+ 15. Kxd2 b5 16. Nd4 bxc4 17. Nxe6 c3+ 18. Rxc3 Rxc3 19. Kxc3 Nxe4+ 20. Kb4 Rb8+ 21. Ka3 Nc5 22. Nxc5 dxc5 23. Bxc5 Rd8 24. Rd1 1-0


[Site "https://www.chess.com"]

[Event "Titled Tuesday Blitz February 07 Late 2023"]
[White "Sailer, Mike"]
[Black "De Arruda, Leandro Formes"]
[WhiteFideId "2012901"]
[BlackFideId "22722009"]
[WhiteElo "2109"]
[BlackElo "1980"]
[Result "1-0"]
[Round "04"]
[TimeControl "180+2"]
[Date "2023.02.07"]
[WhiteClock "0:00:12"]
[BlackClock "0:00:14"]

1. d4 d5 2. Bf4 Nf6 3. Nf3 e6 4. e3 Bd6 5. Bg3 Bxg3 6. hxg3 Qd6 7. c3 Nbd7 8. Bd3 b6 9. Nbd2 Bb7 10. a4 a5 11. Qe2 e5 12. dxe5 Nxe5 13. Nxe5 Qxe5 14. Nf3 Qe7 15. Nd4 g6 16. Bb5+ Nd7 17. Nc6 Qc5 18. Ne5 c6 19. Nxd7 Kxd7 20. Bd3 Rae8 21. Rh6 f5 22. Kd2 Kc7 23. Rah1 Qe7 24. Qf3 Bc8 25. Qf4+ Kb7 26. Qh4 Qxh4 27. R1xh4 Re7 28. Rxg6 hxg6 29. Rxh8 Rg7 30. Ke2 Bd7 31. Rf8 c5 32. Bb5 Bxb5+ 33. axb5 d4 34. exd4 cxd4 35. cxd4 Rd7 36. Kd3 Rd5 37. Kc4 Rd7 38. Rf6 Rc7+ 39. Kd5 Rc2 40. Rxg6 Rxb2 41. Rg7+ Kb8 42. Kc6 a4 43. Kxb6 Kc8 44. Ra7 Rb4 45. d5 Kb8 46. Rb7+ Kc8 47. Rc7+ Kd8 48. d6 a3 49. Ra7 Rb3 50. Kc6 Rc3+ 51. Kd5 Rd3+ 52. Ke6 Kc8 53. d7+ Kb8 54. Rxa3 1-0


[Site "https://www.chess.com"]

[Event "Titled Tuesday Blitz February 07 Late 2023"]
[White "Michalski, Olaf"]
[Black "Olsson, William"]
[WhiteFideId "1106740"]
[BlackFideId "1741721"]
[WhiteElo "2273"]
[BlackElo "2355"]
[Result "0-1"]
[Round "04"]
[TimeControl "180+2"]
[Date "2023.02.07"]
[WhiteClock "0:00:02"]
[BlackClock "0:02:05"]

1. d4 d5 2. c4 e6 3. Nc3 c6 4. e4 dxe4 5. Nxe4 Bb4+ 6. Bd2 Qxd4 7. Bxb4 Qxe4+ 8. Be2 Na6 9. Bd6 Nh6 10. Kf1 Nf5 11. Bd3 Qd4 12. Bxf5 Qxd1+ 13. Rxd1 exf5 14. Nf3 Be6 15. b3 O-O-O 16. a3 Nc5 17. Kg1 Nxb3 18. h3 Bxc4 19. Kh2 Bd5 0-1


[Site "https://www.chess.com"]

[Event "Titled Tuesday Blitz February 07 Late 2023"]
[White "Souza, Gustavo Horokoski De"]
[Black "EdmundPlayer"]
[WhiteFideId "2146584"]
[WhiteElo "1943"]
[BlackElo "2275"]
[Result "0-1"]
[Round "04"]
[TimeControl "180+2"]
[Date "2023.02.07"]
[WhiteClock "0:00:52"]
[BlackClock "0:00:11"]

1. d4 Nf6 2. c4 g6 3. Nc3 d5 4. Nf3 Bg7 5. Bf4 O-O 6. e3 c5 7. dxc5 Qa5 8. Rc1 Rd8 9. cxd5 Nxd5 10. Qb3 Nxf4 11. exf4 Qxc5 12. Bc4 e6 13. O-O Nc6 14. Ne4 Qf5 15. Qe3 b6 16. Rfd1 Bd7 17. Nd6 Qa5 18. Nb7 Qf5 19. Nxd8 Rxd8 20. Bd3 Qa5 21. Bb1 Bxb2 22. Rxc6 Bxc6 23. Rxd8+ Kg7 24. Rd1 Qa4 25. Ne5 Qxd1+ 0-1


[Site "https://www.chess.com"]

[Event "Titled Tuesday Blitz February 07 Late 2023"]
[White "Antonio, Jorge Carlos"]
[Black "Marcolino, Daniel Mattos"]
[WhiteFideId "113190"]
[BlackFideId "2106841"]
[WhiteElo "2277"]
[BlackElo "2006"]
[Result "1/2-1/2"]
[Round "04"]
[TimeControl "180+2"]
[Date "2023.02.07"]
[WhiteClock "0:00:40"]
[BlackClock "0:00:05"]

1. d4 d5 2. Nf3 Nf6 3. Bf4 c5 4. e3 Nc6 5. c3 Qb6 6. Qc2 Bf5 7. dxc5 Bxc2 8. cxb6 axb6 9. Na3 Bg6 10. Nb5 Ra5 11. b4 Ra4 12. a3 e6 13. h3 Kd7 14. Be2 Ne4 15. O-O Nd6 16. Rfd1 Bc2 17. Rd2 Bb3 18. Nxd6 Bxd6 19. Bxd6 Kxd6 20. e4 Rha8 21. exd5 exd5 22. c4 Rxa3 23. Rxa3 Rxa3 24. Rxd5+ Ke7 25. Rb5 Ra1+ 26. Kh2 Rc1 27. Rxb6 Bxc4 28. Rxb7+ Kf6 29. Bxc4 Rxc4 30. Rb6 Ke7 31. b5 Nd4 32. Rb7+ Kf6 33. Nxd4 Rxd4 34. b6 h5 35. Kg3 Rb4 36. Kf3 g6 37. Ke3 Rb2 38. g3 Ke6 39. h4 Kf6 40. f3 Rb3+ 41. Ke4 Ke6 42. g4 hxg4 43. fxg4 Rb4+ 44. Kf3 Rb3+ 45. Kf4 Rb4+ 46. Kg5 Rb5+ 47. Kh6 Rb4 48. Kg5 Rb5+ 49. Kf4 Rb4+ 50. Kf3 Rb3+ 51. Kf4 Rb4+ 1/2-1/2


[Site "https://www.chess.com"]

[Event "Titled Tuesday Blitz February 07 Late 2023"]
[White "Desideri, Ricardo Maruchi"]
[Black "Vaglio Munoz, Jaime"]
[WhiteFideId "2110440"]
[BlackFideId "6500145"]
[WhiteElo "1959"]
[BlackElo "2174"]
[Result "0-1"]
[Round "04"]
[TimeControl "180+2"]
[Date "2023.02.07"]
[WhiteClock "0:00:01"]
[BlackClock "0:01:21"]

1. e4 c5 2. Nf3 Qa5 3. Nc3 a6 4. d4 b5 5. Be3 b4 6. Nd5 e6 7. Nf4 cxd4 8. Nxd4 Bb7 9. Nb3 Qc7 10. Bd3 Nf6 11. f3 Bd6 12. Ne2 Bxh2 13. f4 Ng4 14. Qd2 g5 15. g3 h5 16. O-O-O h4 17. gxh4 Nxe3 18. Qxe3 Bxf4 19. Nxf4 Qxf4 20. Qxf4 gxf4 21. Nc5 Bc8 22. e5 Nc6 23. Be4 Rh5 24. Bxc6 dxc6 25. Nd3 Bb7 26. Rh2 Ke7 27. Re1 f3 28. Re3 c5 29. Nxc5 Bd5 30. Nd3 a5 31. b3 a4 0-1


[Site "https://www.chess.com"]

[Event "Titled Tuesday Blitz February 07 Late 2023"]
[White "Paravyan, David"]
[Black "So, Wesley"]
[WhiteFideId "4194985"]
[BlackFideId "5202213"]
[WhiteElo "2601"]
[BlackElo "2760"]
[Result "1/2-1/2"]
[Round "05"]
[TimeControl "180+2"]
[Date "2023.02.07"]
[WhiteClock "0:00:05"]
[BlackClock "0:00:06"]

1. e4 e5 2. Nf3 Nf6 3. d4 Nxe4 4. Bd3 d5 5. Nxe5 Bd6 6. O-O O-O 7. c4 c5 8. Nc3 Nf6 9. Nxd5 Nxd5 10. cxd5 cxd4 11. Nc4 Be7 12. Re1 Na6 13. Bf4 Nb4 14. Rxe7 Nxd3 15. Qxd3 Qxe7 16. Bd6 Qf6 17. Bxf8 Bf5 18. Bxg7 Kxg7 19. Qg3+ Bg6 20. h4 h5 21. Rd1 Rd8 22. d6 b5 23. Nd2 Qxd6 24. Qxd6 Rxd6 25. Nb3 d3 26. f3 a5 27. Nxa5 Rd4 28. Nc6 Rxh4 29. Ne5 Ra4 30. a3 b4 31. Nxg6 bxa3 32. bxa3 Kxg6 33. Rxd3 h4 34. Kh2 Kg5 35. Kh3 f5 36. Rc3 Ra5 37. f4+ Kxf4 38. Kxh4 Ra8 39. Rf3+ Ke4 40. Kg3 Ke5 41. Re3+ Kf6 42. Kf3 Kg5 43. Rb3 Ra5 44. Ke2 Kg4 45. g3 f4 46. gxf4 Kxf4 47. Kd3 Ke5 48. Kc4 Kd6 49. Kb4 Ra8 50. Rc3 Kd7 51. a4 Rc8 52. Rxc8 Kxc8 53. a5 Kb7 54. a6+ Kxa6 1/2-1/2


[Site "https://www.chess.com"]

[Event "Titled Tuesday Blitz February 07 Late 2023"]
[White "Bortnyk, Olexandr"]
[Black "Dubov, Daniil"]
[WhiteFideId "14120828"]
[BlackFideId "24126055"]
[WhiteElo "2605"]
[BlackElo "2708"]
[Result "1/2-1/2"]
[Round "05"]
[TimeControl "180+2"]
[Date "2023.02.07"]
[WhiteClock "0:00:04"]
[BlackClock "0:00:07"]

1. d4 d5 2. Nc3 Nf6 3. Bf4 c5 4. e4 cxd4 5. Qxd4 Nc6 6. Bb5 Bd7 7. Bxc6 Bxc6 8. e5 Nd7 9. e6 fxe6 10. Nf3 Qb6 11. Qd2 g6 12. O-O-O Bg7 13. Rhe1 d4 14. Nxd4 Bxd4 15. Qxd4 Qxd4 16. Rxd4 Kf7 17. f3 Nf6 18. Be5 Rad8 19. Ne2 Rxd4 20. Nxd4 Bd7 21. c4 Rc8 22. b3 b5 23. c5 Rxc5+ 24. Kb2 Nd5 25. a3 a5 26. Bg3 a4 27. b4 Rc4 28. Rd1 Ne3 29. Rd2 Rc8 30. Rd3 Nc4+ 31. Ka1 e5 32. Nc2 Bf5 33. Rc3 Bxc2 34. Rxc2 Rd8 35. Rc3 Rd1+ 36. Ka2 Rd2+ 37. Kb1 Ke6 38. Bh4 Rxg2 39. Bg3 Rd2 40. Bh4 h6 41. Bg3 g5 42. Ka1 Kd5 43. Rc1 Kd4 44. Re1 Rd3 45. h4 Rxf3 46. Rd1+ Rd3 47. Bf2+ Ke4 48. Rh1 Rxa3+ 49. Kb1 Rb3+ 50. Ka1 Rf3 51. Bc5 g4 52. Re1+ Kf5 53. Bxe7 h5 54. Ka2 g3 55. Bc5 Kg4 56. Re4+ Rf4 57. Re2 Kxh4 58. Rc2 Kg4 59. Rc1 h4 60. Re1 h3 61. Bg1 h2 62. Bxh2 Rf2+ 63. Kb1 gxh2 64. Rh1 Rg2 65. Ka1 Rg1+ 66. Ka2 Rxh1 1/2-1/2


[Site "https://www.chess.com"]

[Event "Titled Tuesday Blitz February 07 Late 2023"]
[White "Andreikin, Dmitry"]
[Black "Urazayev, Arystanbek"]
[WhiteFideId "4158814"]
[BlackFideId "13709810"]
[WhiteElo "2729"]
[BlackElo "2460"]
[Result "1-0"]
[Round "05"]
[TimeControl "180+2"]
[Date "2023.02.07"]
[WhiteClock "0:02:25"]
[BlackClock "0:02:31"]

1. c4 e6 2. Nc3 d5 3. d4 Nf6 4. cxd5 exd5 5. Bg5 c6 6. e3 h6 7. Bh4 Be7 8. Bd3 O-O 9. Nge2 Re8 10. Qc2 a5 11. O-O Na6 12. a3 Nc7 13. Rae1 Ne6 14. Bf5 b5 15. Nd1 Bd7 16. Bxe6 Bxe6 17. Qxc6 Rc8 18. Qxb5 Rb8 19. Qd3 Rxb2 20. Nxb2 1-0


[Site "https://www.chess.com"]

[Event "Titled Tuesday Blitz February 07 Late 2023"]
[White "Bacrot, Etienne"]
[Black "Fedoseev, Vladimir"]
[WhiteFideId "605506"]
[BlackFideId "24130737"]
[WhiteElo "2667"]
[BlackElo "2680"]
[Result "0-1"]
[Round "05"]
[TimeControl "180+2"]
[Date "2023.02.07"]
[WhiteClock "0:00:05"]
[BlackClock "0:01:31"]

1. e4 c5 2. Nf3 e6 3. c3 Nf6 4. e5 Nd5 5. d4 cxd4 6. cxd4 d6 7. Bd3 Nc6 8. O-O Be7 9. a3 b6 10. Nbd2 Bb7 11. Ne4 dxe5 12. dxe5 Qc7 13. Re1 Nxe5 14. Nxe5 Qxe5 15. Nc5 Qc7 16. Nxb7 Qxb7 17. Qa4+ Kf8 18. Ba6 Qc7 19. Bd2 Rd8 20. Rac1 Qb8 21. Rc6 h5 22. Rec1 Qe5 23. Rc8 g6 24. Qb5 Qd4 25. Rxd8+ Bxd8 26. Be1 Kg7 27. Qd7 Qxb2 28. Rd1 Qc2 0-1


[Site "https://www.chess.com"]

[Event "Titled Tuesday Blitz February 07 Late 2023"]
[White "Salem, A.R. Saleh"]
[Black "Milikow, Yoav"]
[WhiteFideId "9301348"]
[BlackFideId "2822237"]
[WhiteElo "2677"]
[BlackElo "2394"]
[Result "1/2-1/2"]
[Round "05"]
[TimeControl "180+2"]
[Date "2023.02.07"]
[WhiteClock "0:01:02"]
[BlackClock "0:01:10"]

1. e4 e5 2. Nf3 Nf6 3. d3 Nc6 4. g3 Bc5 5. Bg2 d6 6. O-O O-O 7. h3 a5 8. a4 Re8 9. Nbd2 h6 10. c3 Be6 11. Kh2 d5 12. exd5 Bxd5 13. Qe2 e4 14. dxe4 Nxe4 15. Nxe4 Bxe4 16. Rd1 Qf6 17. Bf4 g5 18. Be3 Bxe3 19. fxe3 Rad8 20. Rxd8 Rxd8 21. Rd1 Rd6 22. Rxd6 Qxd6 23. Nd4 Bxg2 24. Qxg2 Nxd4 25. exd4 c6 26. Qe4 Qf6 27. Kg2 Kf8 28. c4 1/2-1/2


[Site "https://www.chess.com"]

[Event "Titled Tuesday Blitz February 07 Late 2023"]
[White "Maksimovic, Bojan"]
[Black "Bluebaum, Matthias"]
[WhiteFideId "14408120"]
[BlackFideId "24651516"]
[WhiteElo "2486"]
[BlackElo "2669"]
[Result "0-1"]
[Round "05"]
[TimeControl "180+2"]
[Date "2023.02.07"]
[WhiteClock "0:00:03"]
[BlackClock "0:00:37"]

1. e4 e6 2. d4 d5 3. Nc3 Nf6 4. Bg5 dxe4 5. Nxe4 Be7 6. Bxf6 gxf6 7. Nf3 f5 8. Nc3 a6 9. g3 b5 10. Bg2 Bb7 11. O-O O-O 12. Qe2 c5 13. Rad1 cxd4 14. Nxd4 Bxg2 15. Kxg2 Qc7 16. Qf3 Nd7 17. Rfe1 Ne5 18. Qf4 Qb7+ 19. Kg1 Ng6 20. Qf3 Qxf3 21. Nxf3 Bf6 22. Re3 Rfc8 23. a3 Rab8 24. Rd2 a5 25. Nd1 b4 26. axb4 axb4 27. Kg2 Ne7 28. Rb3 Nc6 29. c3 bxc3 30. Rxb8 Rxb8 31. bxc3 Na5 32. Rd3 Rc8 33. Nd4 Nc4 34. Ne3 Ne5 35. Rd1 Rxc3 36. Nb5 Rb3 37. Nd6 Nd3 38. Nec4 Be7 39. Na5 Ra3 40. Ndc4 Rc3 41. Nc6 Bc5 42. N6e5 Nxf2 43. Rd8+ Kg7 44. Rd7 Ng4 45. Nxg4 fxg4 46. Ne5 Rc2+ 47. Kf1 Rf2+ 48. Ke1 h5 49. Nd3 Rf5 50. Rc7 Bg1 51. Nf4 Bxh2 52. Nxe6+ Kf6 53. Nd4 Bxg3+ 54. Ke2 Bxc7 0-1


[Site "https://www.chess.com"]

[Event "Titled Tuesday Blitz February 07 Late 2023"]
[White "Carlsen, Magnus"]
[Black "Ibarra Jerez, Jose Carlos"]
[WhiteFideId "1503014"]
[BlackFideId "2226332"]
[WhiteElo "2853"]
[BlackElo "2563"]
[Result "0-1"]
[Round "05"]
[TimeControl "180+2"]
[Date "2023.02.07"]
[WhiteClock "0:00:04"]
[BlackClock "0:00:08"]

1. e4 c5 2. a3 g6 3. h4 Nf6 4. Nc3 d6 5. Bc4 Bg7 6. d3 Nc6 7. Nge2 e6 8. Ba2 d5 9. h5 dxe4 10. h6 Bf8 11. Bg5 exd3 12. Rh3 d2+ 13. Bxd2 Be7 14. Rd3 Qb6 15. Bg5 O-O 16. Qd2 Ne5 17. Rg3 Rd8 18. Qf4 Ned7 19. Rd3 Re8 20. O-O-O Qc6 21. Rf3 c4 22. Rxd7 e5 23. Qxc4 Qxc4 24. Bxc4 Nxd7 25. Bxe7 Rxe7 26. Nd5 Re6 27. Nc7 Rb8 28. Nxe6 Nb6 29. Bb3 Bxe6 30. Bxe6 fxe6 31. Nc3 Nd5 32. Ne4 Rf8 33. Rxf8+ Kxf8 34. Kd2 Ke7 35. g4 Nf6 36. Nxf6 Kxf6 37. Ke3 Kg5 38. Ke4 Kxh6 39. Kxe5 Kg5 40. f3 h5 41. gxh5 gxh5 42. f4+ Kg4 43. Kxe6 Kxf4 0-1


[Site "https://www.chess.com"]

[Event "Titled Tuesday Blitz February 07 Late 2023"]
[White "Svane, Frederik"]
[Black "Naroditsky, Daniel"]
[WhiteFideId "12923044"]
[BlackFideId "2026961"]
[WhiteElo "2600"]
[BlackElo "2618"]
[Result "0-1"]
[Round "05"]
[TimeControl "180+2"]
[Date "2023.02.07"]
[WhiteClock "0:00:01"]
[BlackClock "0:00:14"]

1. c4 e5 2. g3 c6 3. d4 d6 4. Nc3 Nd7 5. Nf3 Ngf6 6. Bg2 Be7 7. O-O O-O 8. e4 a6 9. d5 cxd5 10. exd5 b5 11. cxb5 axb5 12. Nxb5 Ba6 13. Nc3 Bxf1 14. Qxf1 Qb6 15. Rb1 Rfc8 16. Be3 Qb7 17. Nd2 Bd8 18. Nc4 Qb4 19. Nd2 Ng4 20. a3 Nxe3 21. fxe3 Qb6 22. Qe2 Bg5 23. Nc4 Qa6 24. Bf1 Nf6 25. b4 Qxc4 26. Qxc4 Rxc4 27. Bxc4 Rc8 28. Nb5 Bxe3+ 29. Kf1 Rxc4 30. Nxd6 Rc2 31. b5 Ng4 32. b6 Nxh2+ 33. Ke1 Rd2 34. Ne4 Nf3+ 35. Kf1 Rh2 36. b7 Rh1+ 37. Kg2 Rxb1 0-1


[Site "https://www.chess.com"]

[Event "Titled Tuesday Blitz February 07 Late 2023"]
[White "Deac, Bogdan-Daniel"]
[Black "Baskakov, Egor"]
[WhiteFideId "1226380"]
[BlackFideId "24197866"]
[WhiteElo "2700"]
[BlackElo "2215"]
[Result "1-0"]
[Round "05"]
[TimeControl "180+2"]
[Date "2023.02.07"]
[WhiteClock "0:01:51"]
[BlackClock "0:01:58"]

1. b3 Nf6 2. Bb2 e6 3. Nf3 Be7 4. c4 O-O 5. g3 d5 6. Bg2 b6 7. O-O Bb7 8. cxd5 exd5 9. d4 Ne4 10. Nc3 f5 11. Rc1 a6 12. e3 Bd6 13. Ne2 Nd7 14. Nf4 Qe7 15. h4 g6 16. Rc2 Rae8 17. Qa1 Qg7 18. Rfc1 h6 19. Rxc7 Bxc7 20. Rxc7 Ba8 21. Ne5 Rd8 22. Ne6 Qe7 23. Nxf8 1-0


[Site "https://www.chess.com"]

[Event "Titled Tuesday Blitz February 07 Late 2023"]
[White "Makarian, Rudik"]
[Black "Martinez Alcantara, Jose Eduardo"]
[WhiteFideId "44105681"]
[BlackFideId "3805662"]
[WhiteElo "2545"]
[BlackElo "2619"]
[Result "1-0"]
[Round "05"]
[TimeControl "180+2"]
[Date "2023.02.07"]
[WhiteClock "0:00:05"]
[BlackClock "0:00:05"]

1. d4 Nf6 2. c4 e6 3. Nf3 Bb4+ 4. Bd2 Qe7 5. g3 Bxd2+ 6. Qxd2 Nc6 7. Nc3 d5 8. Ne5 O-O 9. Bg2 dxc4 10. Nxc6 bxc6 11. Bxc6 Rb8 12. O-O Rd8 13. Rfd1 Rd6 14. Bg2 c5 15. Qe3 cxd4 16. Rxd4 Rxd4 17. Qxd4 Ba6 18. Rd1 h6 19. Rd2 Qc7 20. e4 Ng4 21. f4 Bb7 22. h3 Nf6 23. Qd6 Qxd6 24. Rxd6 Kf8 25. Rd2 Ke7 26. Kf2 Nd7 27. Bf1 Nc5 28. Ke3 Rc8 29. Bxc4 Nxe4 30. Nxe4 Rxc4 31. Nd6 Rb4 32. Nxb7 Rxb7 33. b3 f5 34. Kd4 Kf6 35. Kc5 Rc7+ 36. Kb5 g5 37. b4 Rb7+ 38. Ka5 Rc7 39. a4 gxf4 40. gxf4 Rc4 41. Rf2 Ke7 42. b5 h5 43. Ra2 Rc7 44. Ka6 Kd6 45. a5 Kd5 46. Rd2+ Ke4 47. b6 axb6 48. axb6 Rc6 49. Kb5 Rc3 50. Rb2 Rc8 51. b7 Rb8 52. Rb4+ Kd5 53. Kb6 e5 54. Rb5+ Ke4 55. fxe5 f4 56. e6 f3 57. e7 Re8 58. Rb1 Ke3 59. Kc6 f2 60. b8=Q Rxb8 61. Rxb8 f1=Q 62. e8=Q+ Kd2 63. Rb2+ Kc1 64. Rb6 Qc4+ 65. Kb7 Qd5+ 66. Qc6+ 1-0


[Site "https://www.chess.com"]

[Event "Titled Tuesday Blitz February 07 Late 2023"]
[White "Melkumyan, Hrant"]
[Black "Hakobyan, Aram"]
[WhiteFideId "13302485"]
[BlackFideId "13306677"]
[WhiteElo "2645"]
[BlackElo "2608"]
[Result "0-1"]
[Round "05"]
[TimeControl "180+2"]
[Date "2023.02.07"]
[WhiteClock "0:00:01"]
[BlackClock "0:00:27"]

1. d4 g6 2. c4 Bg7 3. Nc3 c5 4. d5 d6 5. e4 Bxc3+ 6. bxc3 e5 7. Bd3 Nd7 8. Ne2 h5 9. O-O h4 10. f4 exf4 11. Bxf4 Qe7 12. h3 g5 13. Bh2 Ne5 14. a4 Nf6 15. a5 Kd8 16. Rb1 Kc7 17. Bc2 g4 18. hxg4 Nfxg4 19. Bf4 h3 20. g3 Nxc4 21. Qd3 h2+ 22. Kh1 Nge5 23. Qd1 Bh3 24. Rf2 Ng4 25. Rf3 Nce5 26. Rf1 Bxf1 27. Qxf1 Rab8 28. Nd4 cxd4 29. cxd4 Ng6 30. Bd2 Qf6 31. Qxf6 Nxf6 32. Rf1 Nd7 33. Bb3 Rbe8 34. Bc2 Ne7 35. Bd3 f5 36. e5 Nxd5 0-1


[Site "https://www.chess.com"]

[Event "Titled Tuesday Blitz February 07 Late 2023"]
[White "Grigorov, Grigor"]
[Black "Sjugirov, Sanan"]
[WhiteFideId "2907313"]
[BlackFideId "4189302"]
[WhiteElo "2510"]
[BlackElo "2712"]
[Result "1-0"]
[Round "05"]
[TimeControl "180+2"]
[Date "2023.02.07"]
[WhiteClock "0:00:07"]
[BlackClock "0:00:03"]

1. d4 Nf6 2. Nf3 e6 3. Bg5 h6 4. Bh4 d6 5. Nbd2 g5 6. Bg3 Nh5 7. c3 Bg7 8. e4 Nd7 9. Nc4 Qe7 10. Nfd2 Nxg3 11. hxg3 b6 12. Ne3 Bb7 13. Bd3 a6 14. Qe2 c5 15. d5 b5 16. a4 c4 17. Bc2 Nc5 18. axb5 axb5 19. Rxa8+ Bxa8 20. O-O O-O 21. Ra1 exd5 22. Nf5 Qf6 23. exd5 Bb7 24. Ra7 Bc8 25. Ne7+ Kh8 26. Ne4 Qe5 27. Qf3 g4 28. Qf4 Qxf4 29. gxf4 Nxe4 30. Bxe4 Bf6 31. Nxc8 Rxc8 32. Rxf7 Bg7 33. Rb7 Re8 34. Bg6 Rf8 35. g3 Bf6 36. Rxb5 Kg7 37. Bh5 Be7 38. Bxg4 Kf6 39. Be2 Rc8 40. Rb4 Ra8 41. Bxc4 Kf5 42. Kg2 Kf6 43. Bd3 Ra2 44. Be4 Ra1 45. Rb7 Re1 46. Bf3 Rb1 47. g4 Rc1 48. Be4 Re1 49. g5+ hxg5 50. fxg5+ Kf7 51. Bd3 Re5 52. f4 Re3 53. Bf5 Kf8 54. Be6 Rd3 55. Kf2 Rd2+ 56. Kf3 Rd3+ 57. Kg4 Rd1 58. Kf5 Rg1 59. Kg6 Ke8 60. Rb8+ Bd8 61. Rb7 Be7 62. b4 Rg3 63. c4 Rf3 64. Rb8+ Bd8 65. f5 Rf4 66. f6 Rxf6+ 67. gxf6 Kf8 68. Rxd8# 1-0


[Site "https://www.chess.com"]

[Event "Titled Tuesday Blitz February 07 Late 2023"]
[White "Stoyanov, Tsvetan"]
[Black "Kamsky, Gata"]
[WhiteFideId "2917173"]
[BlackFideId "2000024"]
[WhiteElo "2454"]
[BlackElo "2665"]
[Result "1-0"]
[Round "05"]
[TimeControl "180+2"]
[Date "2023.02.07"]
[WhiteClock "0:00:04"]
[BlackClock "0:00:08"]

1. c4 Nf6 2. Nc3 g6 3. g3 Bg7 4. Bg2 O-O 5. d4 c6 6. Nf3 d5 7. cxd5 cxd5 8. O-O e6 9. Bf4 Nc6 10. Rc1 Bd7 11. Bd6 Re8 12. Qb3 Ne4 13. Bf4 Nxc3 14. bxc3 Na5 15. Qb4 f6 16. Nd2 Bf8 17. Qb1 Rc8 18. e4 Bc6 19. Rce1 b6 20. h4 dxe4 21. Nxe4 Bd5 22. h5 g5 23. Bc1 h6 24. f4 g4 25. f5 Bg7 26. fxe6 Rxe6 27. Nxf6+ Rxf6 28. Bxd5+ Qxd5 29. Rxf6 Bxf6 30. Qg6+ Bg7 31. Re7 1-0


[Site "https://www.chess.com"]